 Dungeon Crawl Stone Soup version 0.31-a0-1591-g515db51633 (webtiles) character file.

Game seed: 15574236707182898073

198426 bmb222 the Fencer (level 17, -8/130 HPs)
             Began as a Demonspawn Fighter on Jan 5, 2024.
             Was the Champion of Hepliaklqana.
             Killed from afar by Aizul (10 damage)
             ... with a poison arrow
             ... on level 2 of the Snake Pit on Jan 6, 2024.
             The game lasted 01:02:45 (34953 turns).

bmb222 the Fencer (Demonspawn Fighter)             Turns: 34953, Time: 01:02:46

Health: -8/130     AC: 21    Str: 16    XL:     17   Next: 81%
Magic:  24/24      EV: 25    Int: 11    God:    Hepliaklqana [******]
Gold:   93         SH: 19    Dex: 27    Spells: 12/16 levels left

rFire   + . .        a - +0 long sword (chaos)
rCold   . . .        V - +3 warlock's mirror {omnireflect}
rNeg    . . .        C - +4 ring mail {rPois}
rPois   +            l - +2 hat
rElec   +            Q - +1 cloak of Starlight {*Dazzle EV+4 Stlth--}
rCorr   +            S - +2 pair of gloves {Stlth+}
SInv    .            B - +0 pair of boots
Will    +....        O - amulet of regeneration
Stlth   ++           A - ring of Oceregusu {rF+ rCorr MP+9 Int-2}
HPRegen 1.21/turn    y - +6 ring of dexterity
MPRegen 0.19/turn

%: reflection
@: lethally poisoned (-8 -> -22), about to teleport, slowed, very slow
A: reduced essence, large bone plates 3, ignite blood 1, spiny 3, bedeviling,
demonic touch 2, agile 1, clever 1, low MP 1, electricity resistance, inability
to drink after injury 1
}: 1/15 runes: decaying
a: Renounce Religion, Recall Ancestor, Ancestor Identity, Transference, Idealise


You were on level 2 of the Snake Pit.
You worshipped Hepliaklqana.
Hepliaklqana was exalted by your worship.
You visited 7 branches of the dungeon, and saw 30 of its levels.
You also visited: Gauntlet and Ice Cave.

You collected 3358 gold pieces.
You spent 3265 gold pieces at shops.

Inventory:

Hand Weapons
 a - a +0 long sword of chaos (weapon)
 R - a +2 scimitar of flaming
Missiles
 w - 5 throwing nets
Armour
 l - a +2 hat (worn)
 s - the +3 leather armour of Puerpha {Rampage Slay+3}
   (You found it on level 3 of the Dungeon)

   Slay+3:    It affects your accuracy & damage with ranged weapons and melee
   (+3).
   Rampage:   It bestows one free step when moving towards enemies.
 B - a +0 pair of boots (worn)
 C - a +4 ring mail of poison resistance (worn)
 Q - the +1 cloak of Starlight (worn) {*Dazzle EV+4 Stlth--}
   (You bought it in a shop on level 2 of the Orcish Mines)

   *Dazzle:   It may blind those who miss an attack against the wearer in melee
   combat.
   EV+4:      It affects your evasion (+4).
   Stlth--:   It makes you much less stealthy.
 S - a +2 pair of gloves of stealth (worn)
 V - the +3 warlock's mirror (worn) {omnireflect}
   (You bought it in a shop on level 2 of the Orcish Mines)

   Omnireflect: It can block and reflect piercing ranged attacks and magical
   attacks against the wielder's willpower.
Jewellery
 q - a ring of willpower
 u - a ring of wizardry
 x - an amulet of the acrobat
 y - a +6 ring of dexterity (right hand)
 A - the ring of Oceregusu (left hand) {rF+ rCorr MP+9 Int-2}
   (You found it in a Gauntlet)

   [ring of protection from fire]

   Int-2:     It affects your intelligence (-2).
   rF+:       It protects you from fire.
   MP+9:      It affects your magic capacity (+9).
   rCorr:     It protects you from acid and corrosion.
 J - a +6 ring of strength
 L - an amulet of magic regeneration
 O - an amulet of regeneration (around neck)
 T - the ring "Waem" {+Blink rF+ MP+9}
   (You found it in a Gauntlet)

   [ring of magical power]

   rF+:       It protects you from fire.
   MP+9:      It affects your magic capacity (+9).
   +Blink:    It lets you blink.
Wands
 e - a wand of mindburst (11)
 p - a wand of flame (35) (quivered)
 t - a wand of digging (26)
 F - a wand of polymorph (4)
 G - a wand of paralysis (20)
 K - a wand of roots (17)
 U - a wand of light (15)
Scrolls
 b - 3 scrolls of fear
 c - 9 scrolls of poison
 g - 3 scrolls of silence
 h - 3 scrolls of brand weapon
 j - 5 scrolls of fog
 n - a scroll of enchant armour
 o - 6 scrolls of immolation
 r - 5 scrolls of amnesia
 v - a scroll of teleportation
 D - 4 scrolls of enchant weapon
 I - a scroll of revelation
 M - 15 scrolls of identify
 Y - a scroll of summoning
Potions
 d - a potion of brilliance
 f - 9 potions of curing
 i - a potion of cancellation
 k - 2 potions of attraction
 m - 2 potions of magic
 z - 3 potions of lignification
 E - 3 potions of invisibility
 H - 4 potions of enlightenment
 N - 2 potions of resistance
 P - a potion of mutation
 W - 4 potions of might
 X - a potion of haste {unknown}
 Z - 5 potions of heal wounds


   Skills:
 * Level 16.4 Fighting
 * Level 17.1 Long Blades
 - Level 11.1 Armour
 + Level 11.8 Dodging
 - Level 6.4 Stealth
 * Level 10.1 Shields
 - Level 8.7 Evocations


You had 12 spell levels left.
You knew the following spells:

 Your Spells              Type           Power      Damage    Failure   Level
a - Manifold Assault      Tloc           0%         N/A       100%        4

Your spell library contained the following spells:

 Spells                   Type           Power      Damage    Failure   Level
 Freeze                   Ice            0%         1d3       56%         1
 Summon Small Mammal      Summ           0%         N/A       56%         1
 Lesser Beckoning         Tloc           0%         N/A       71%         2
 Scorch                   Fire           0%         2d5       71%         2
 Call Canine Familiar     Summ           0%         N/A       91%         3
 Frozen Ramparts          Ice            0%         1d1       91%         3
 Fugue of the Fallen      Necr           0%         N/A       91%         3
 Gell's Gravitas          Tloc           0%         N/A       91%         3
 Hailstorm                Conj/Ice       0%         3d5       91%         3
 Ozocubu's Armour         Ice            0%         N/A       91%         3
 Summon Ice Beast         Ice/Summ       0%         N/A       91%         3
 Teleport Other           Tloc           0%         N/A       91%         3
 Tukima's Dance           Hex            0%         N/A       91%         3
 Animate Armour           Summ/Erth      0%         N/A       100%        4
 Flame Wave               Conj/Fire      0%         2d4       100%        4
 Leda's Liquefaction      Alch/Erth      0%         N/A       100%        4
 Passage of Golubria      Tloc           0%         N/A       100%        4
 Summon Blazeheart Golem  Fire/Summ      0%         N/A       100%        4
 Summon Lightning Spire   Summ/Air       0%         N/A       100%        4
 Lee's Rapid Deconstruct  Erth           0%         3d4*      100%        5
 Summon Mana Viper        Hex/Summ       0%         N/A       100%        5
 Yara's Violent Unravell  Hex/Alch       0%         3d3       100%        5
 Bombard                  Conj/Erth      0%         9d1       100%        6
 Dispersal                Tloc           0%         N/A       100%        6
 Summon Cactus Giant      Summ           0%         N/A       100%        6
 Monstrous Menagerie      Summ           0%         N/A       100%        7
 Orb of Destruction       Conj           0%         9d5       100%        7
 Spellforged Servitor     Conj/Summ      0%         N/A       100%        7
 Disjunction              Tloc           0%         N/A       100%        8


Dungeon Overview and Level Annotations

Branches:
Dungeon (15/15)            Temple (1/1) D:4            Lair (5/5) D:11
  Swamp (4/4) Lair:3        Snake (2/4) Lair:3        Slime (0/5) Lair:4
    Orc (2/2) D:10            Elf (1/3) Orc:2        Vaults (0/5) D:14
 Depths (0/4) D:15          IceCv (visited)         Gauntlet (visited)

Altars:
Ashenzari
Cheibriados
Dithmenos
Fedhas
Gozag
Hepliaklqana
Kikubaaqudgha
Makhleb
Nemelex Xobeh
Okawaru
Qazlal
Ru
Sif Muna
Trog
Uskayaw
Vehumet
Wu Jian
Xom
Yredelemnul
Jiyva

Shops:
D:2 *   D:5 (   D:11 [   Orc:2 [[[!![*[   Snake:1 =!((

Portals:
Trove: D:14 (give +6 demon trident)

Annotations:
D:7 2 transporters, exclusion: ice statue, TheScarfBastard's ghost, novice HOBe
Lair:2 exclusion: oklob plant
Snake:2 Aizul
Elf:1 Louise


Innate Abilities, Weirdness & Mutations

Your life essence is reduced to manifest your ancestor. (-10% HP)
You are completely covered in large bone plates. (SH +8)
Your demonic aura sometimes causes spilled blood to erupt in flames.
You are completely covered in sharp spines.
Your hexes are more powerful.
Your touch may inflict irresistible damage on your foes.
You are agile. (Dex +4, Str/Int -1)
Your mind is acute. (Int +4, Str/Dex -1)
Your magical capacity is low. (-10% MP)
You are resistant to electric shocks. (rElec)
You occasionally lose the ability to drink potions when taking damage.


Message History

You cannot drink potions in your current state!
You cannot drink potions in your current state!
As you read the scroll of teleportation, it crumbles to dust.
You feel strangely unstable.
You feel extremely sick. Aizul casts a spell at you.
The bolt of poison misses you.
The naga mage hits you but does no damage.
You block Aizul's attack. You block the naga mage's attack.
Aizul coils herself and waves her upper body at you.
You struggle to resist.
You hear a shout!
You slice Aizul!! You burn Aizul.
Aizul is heavily wounded.
You feel very sick.
You hear an angry hiss.
You block the naga mage's attack.
The naga warrior roars a battlecry!
The naga mage goes into a battle-frenzy!
Aizul is engulfed in blazing flames.
Aizul coils herself and waves her upper body at you.
You fall asleep.
The naga mage hits you from afar with a +0 halberd!!
You wake up.
* * * LOW HITPOINT WARNING * * *
A naga ritualist comes into view. It is wielding a +0 glaive.
Unknown command.
You slice Aizul!! You burn Aizul.
Aizul is severely wounded.
You can drink potions again.
* * * LOW HITPOINT WARNING * * *
You feel very sick.
The black mamba is engulfed in blazing flames.
You block the black mamba's attack.
Aizul is engulfed in blazing flames.
Aizul yawns, and then pretends she didn't.
Aizul casts a spell at you. The poison arrow hits you!
You are more poisoned.
You partially resist.
You die...

.... ....... #...
....... #...
...^.. ... .....
.. #.. ...#
#.###..#NN.#
......N.S..##
.......N##.N#####
......NSS@S.....N
........####.!...
###.....######..#
##.#......... .
##.#)#..##... ##
#..#........ #.
####.....#...##
.. #.....#.†...##
.# #...##).###..#


You could see Aizul (very poisoned, drained), 2 naga warriors, a naga ritualist,
2 black mambas and 2 naga magi.

Vanquished Creatures
  Rupert (Lair:3)
  2 fenstrider witches (Swamp:4)
  A ghoul (Swamp:4)
  An orc warlord (Orc:2)
  2 eleionomae
  Nessos (D:12)
  3 bunyips
  A dire elephant (Lair:5)
  A deep elf death mage (Elf:1)
  Azrael (Orc:2)
  A minotaur (Gauntlet)
  Snorg (D:14)
  An ettin (Orc:1)
  Harold (Lair:2)
  7 vault guards (D:14)
  2 ogre magi (Swamp:4)
  A caustic shrike simulacrum (IceCv)
  7 hydras
  A catoblepas (Lair:5)
  3 alligators (Swamp:2)
  5 centaur warriors
  A merfolk avatar (Lair:5)
  A ghost crab (Swamp:1)
  A hell beast (Swamp:4)
  7 two-headed ogres
  2 death knights
  2 boulder beetles
  Erica (Orc:1)
  A sphinx skeleton (D:15)
  7 death yaks
  An orc high priest (Orc:2)
  2 shock serpents
  2 tengu warriors
  4 naga warriors
  2 naga sharpshooters (Snake:2)
  A soul eater (Swamp:4)
  An occultist (Swamp:4)
  A deep elf knight (Elf:1)
  3 skysharks
  Sonja (D:12)
  6 goliath frogs
  A sea snake (Snake:1)
  7 skeletal warriors
  7 spriggan druids
  4 mana vipers
  2 naga ritualists (Snake:1)
  3 deep elf archers (Elf:1)
  3 bog bodies
  2 swamp dragons
  A necromancer (D:15)
  2 deep elf zephyrmancers (Elf:1)
  A harpy (Lair:5)
  7 orc knights
  4 orc sorcerers (Orc:2)
  6 deep elf pyromancers
  4 ugly things
  4 cyclopes
  A manticore (D:15)
  A will-o-the-wisp (Swamp:4)
  13 elephants
  2 salamanders
  2 guardian serpents
  2 ice statues
  24 black mambas
  A torpor snail (Gauntlet)
  2 naga magi
  5 cane toads
  An unseen horror (shapeshifter) (D:15)
  3 orange demons
  Jeremiah (D:8)
  A minotaur zombie (Gauntlet)
  4 rime drakes
  11 komodo dragons
  3 efreet (D:14)
  A kobold demonologist (D:13)
  2 freezing wraiths (IceCv)
  4 tengu conjurers
  An anaconda simulacrum (IceCv)
  3 polar bears
  6 trolls
  3 tyrant leeches
  5 golden dragon simulacra (IceCv)
  4 hellwings (Swamp:4)
  A troll (shapeshifter) (D:14)
  4 saltlings (Orc:2)
  2 wind drakes
  A glass eye (D:13)
  3 hornets
  16 blink frogs
  A snapping turtle (Lair:5)
  Sigmund (D:5)
  A vampire (D:7)
  A spriggan skeleton (D:15)
  2 shadows
  4 spriggans
  5 wyverns
  5 slime creatures
  2 air elementals (Elf:1)
  A wraith (D:10)
  4 humans
  39 yaks
  2 steam dragons (Lair:5)
  3 basilisks
  6 wargs
  Menkaure (D:7)
  13 vampire mosquitoes
  4 swamp worms
  8 nagas
  11 water moccasins
  An acid dragon (D:13)
  2 hell hounds (Orc:2)
  A hydra simulacrum (IceCv)
  17 orc warriors
  An ice beast (D:6)
  2 swamp drakes (Swamp:3)
  A sky beast (D:7)
  2 black bears
  An ettin simulacrum (IceCv)
  3 ogres
  15 wolves
  12 centaurs
  5 kobold brigands
  6 bullfrogs
  3 scorpions
  2 wights (D:8)
  A hornet simulacrum (Gauntlet)
  13 killer bees
  2 lindwurm simulacra (IceCv)
  3 howler monkeys
  4 bombardier beetles
  A cerulean imp (D:5)
  3 hounds
  10 orc priests
  2 gnoll boudas
  3 jellies
  5 hell rats (Lair:3)
  15 orc wizards
  6 gnolls
  13 adders
  A white imp (D:5)
  2 dart slugs
  A ribbon worm (D:2)
  53 orcs
  14 endoplasms
  3 giant cockroaches
  8 goblins
  4 hobgoblins
  2 jackals (D:2)
  5 quokkas
  A ball python (D:1)
  6 bats
  A frilled lizard (D:2)
  28 kobolds
  5 rats
685 creatures vanquished.

Vanquished Creatures (collateral kills)
  Vashnia (Snake:2)
  A thorn hunter (Swamp:4)
  Roxanne (D:14)
  A fenstrider witch (Swamp:4)
  An eleionoma (Swamp:1)
  The ghost of Besoupit the Severer, a journeyman DrBe of Trog (Orc:1)
  A green death (Swamp:4)
  2 alligators (Swamp:2)
  3 hydras
  A catoblepas (Lair:5)
  A boulder beetle (Lair:3)
  2 death yaks
  2 spriggans (Swamp:4)
  A vampire mage (D:15)
  A naga sharpshooter (Snake:2)
  A deep elf knight (Elf:1)
  2 soul eaters (Swamp:4)
  A skeletal warrior (D:15)
  Amaemon (Lair:3)
  2 skysharks
  3 goliath frogs
  2 sea snakes
  A bog body (Swamp:3)
  A swamp dragon (Swamp:3)
  3 orc knights (Orc:2)
  4 deep elf pyromancers
  2 deep elf zephyrmancers (Elf:1)
  An oklob plant (Lair:3)
  2 orc sorcerers
  A cyclops (D:14)
  2 will-o-the-wisps
  2 manticores
  2 ugly things
  3 black mambas
  A guardian serpent (Snake:1)
  6 elephants
  A smoke demon (Swamp:4)
  A naga mage (Snake:1)
  6 cane toads
  An ice statue (Swamp:2)
  A minotaur zombie (Gauntlet)
  An unseen horror (D:12)
  A rime drake (Lair:4)
  4 komodo dragons
  A golden dragon simulacrum (IceCv)
  A tengu conjurer (D:13)
  A freezing wraith (D:14)
  4 trolls
  3 hellwings (Swamp:4)
  A polar bear (Lair:5)
  3 tyrant leeches
  3 saltlings (Orc:2)
  4 hornets
  3 blink frogs
  A snapping turtle (Lair:5)
  2 slime creatures (D:12)
  2 centaur simulacra (Gauntlet)
  12 yaks
  A basilisk (Lair:5)
  A shadow (D:8)
  A human (D:14)
  A fire elemental (Orc:2)
  A steam dragon (D:7)
  7 vampire mosquitoes
  4 wargs (Orc:2)
  A chaos spawn (Swamp:4)
  7 swamp worms
  4 nagas
  A hydra simulacrum (IceCv)
  2 water moccasins (Lair:2)
  A hell hound (Orc:2)
  7 orc warriors
  A swamp drake (Swamp:1)
  A sky beast (D:8)
  6 centaurs
  7 wolves
  A kobold brigand (D:9)
  7 bullfrogs
  2 wights (D:8)
  2 killer bees
  A lindwurm simulacrum (IceCv)
  A howler monkey (D:9)
  3 electric eels
  A hound (D:7)
  5 orc priests
  A jelly (Lair:4)
  3 iguanas (D:6)
  2 hell rats (Lair:3)
  10 orc wizards
  A shadow imp (D:7)
  26 orcs
  An endoplasm (Lair:4)
  7 kobolds
248 creatures vanquished.

Vanquished Creatures (others)
  A hydra (Swamp:2)
  A death yak (Lair:3)
  A naga sharpshooter (Snake:2)
  An elephant (Lair:1)
  3 bloated husks
  A slime creature zombie (Swamp:1)
  A human (D:14)
  2 nagas
  A hell hound (Orc:2)
  31 battlemagi
  2 orcs (Orc:1)
  A gnoll zombie (D:7)
  An orc zombie (D:4)
  6 foxfires
53 creatures vanquished.

Grand Total: 986 creatures vanquished

Notes
Turn   | Place    | Note
-------+----------+-------------------------------------------
     0 | D:1      | bmb222 the Demonspawn Fighter began the quest for the Orb.
     0 | D:1      | Reached XP level 1. HP: 18/18 MP: 1/1
   303 | D:1      | Reached skill level 2 in Long Blades
   303 | D:1      | Gained mutation: You are partially covered in large bone
                  | plates. (SH +4) [demonic ancestry]
   303 | D:1      | Reached XP level 2. HP: 23/24 MP: 2/2
  1006 | D:2      | Gained mutation: You are partially covered in sharp spines.
                  | [demonic ancestry]
  1006 | D:2      | Reached XP level 3. HP: 25/29 MP: 3/3
  1339 | D:2      | Found Doicre's General Store.
  1614 | D:3      | Reached XP level 4. HP: 25/35 MP: 4/4
  1872 | D:3      | Identified the +3 leather armour of Puerpha {Rampage
                  | Slay+3}
  2123 | D:3      | Found a sparkling altar of Nemelex Xobeh.
  2446 | D:4      | Noticed a scorpion
  2453 | D:4      | Killed a scorpion
  2454 | D:4      | Reached XP level 5. HP: 33/42 MP: 5/5
  2536 | D:4      | Reached skill level 3 in Long Blades
  2662 | D:4      | Found a staircase to the Ecumenical Temple.
  2897 | Temple   | Entered the Ecumenical Temple
  2912 | Temple   | Became a worshipper of Hepliaklqana the Forgotten
  2952 | D:5      | Entered Level 5 of the Dungeon
  2956 | D:5      | Noticed a black bear
  2961 | D:5      | Gained mutation: Your demonic aura sometimes causes spilled
                  | blood to erupt in flames. [demonic ancestry]
  2961 | D:5      | Reached XP level 6. HP: 44/48 MP: 6/6
  3588 | D:5      | Noticed a yak
  3589 | D:5      | Noticed a yak
  3593 | D:5      | Noticed a yak
  3794 | D:5      | Killed a yak
  3795 | D:5      | Reached skill level 4 in Long Blades
  3795 | D:5      | Gained mutation: You are mostly covered in large bone
                  | plates. (SH +6) [demonic ancestry]
  3795 | D:5      | Reached XP level 7. HP: 46/55 MP: 7/7
  3805 | D:4      | a yak changed into a water moccasin
  3812 | D:4      | Killed a yak
  3813 | D:4      | Reached skill level 5 in Fighting
  3900 | D:5      | Reached skill level 5 in Long Blades
  3988 | D:5      | Noticed Sigmund
  4011 | D:5      | Reached skill level 5 in Armour
  4011 | D:5      | Gained mutation: You are mostly covered in sharp spines.
                  | [demonic ancestry]
  4011 | D:5      | Reached XP level 8. HP: 46/63 MP: 8/8
  4014 | D:5      | Killed Sigmund
  4093 | D:5      | Found Ciasost's Weapon Shop.
  4156 | D:5      | Found a broken altar of Ashenzari.
  4158 | D:5      | Reached * piety under Hepliaklqana
  4388 | D:6      | Found a shimmering altar of Xom.
  4423 | D:6      | Reached skill level 6 in Long Blades
  4634 | D:6      | Found a runed translucent door.
  4687 | D:6      | Found a blossoming altar of Fedhas.
  5141 | D:7      | Noticed Menkaure
  5503 | D:7      | Found a basalt altar of Yredelemnul.
  5518 | D:7      | Reached skill level 7 in Long Blades
  5559 | D:7      | Reached ** piety under Hepliaklqana
  5569 | D:7      | Remembered your ancestor Necuametl as a battlemage
  5576 | D:7      | Reached XP level 9. HP: 21/63 MP: 6/9
  5892 | D:7      | Noticed a red ugly thing
  5893 | D:7      | Noticed TheScarfBastard's ghost (novice HOBe)
  5895 | D:7      | Noticed an ice statue
  5912 | D:7      | Found a transporter.
  5934 | D:7      | Killed Menkaure
  5984 | D:7      | Found a transporter.
  6412 | D:7      | Identified a scroll of acquirement
  6416 | D:7      | Acquired 608 gold pieces
  6461 | D:7      | Reached skill level 8 in Long Blades
  6704 | D:8      | Reached skill level 9 in Long Blades
  6748 | D:8      | Gained mutation: You are completely covered in sharp
                  | spines. [demonic ancestry]
  6748 | D:8      | Reached XP level 10. HP: 58/72 MP: 10/10
  7031 | D:8      | Noticed Jeremiah
  7043 | D:8      | Killed Jeremiah
  7209 | D:8      | Reached *** piety under Hepliaklqana
  7703 | D:9      | Reached skill level 1 in Dodging
  8539 | D:9      | Reached **** piety under Hepliaklqana
  8775 | D:10     | Entered Level 10 of the Dungeon
  8784 | D:10     | You fall into a shaft and drop 3 floors!
  8981 | D:13     | Noticed a death knight
  8994 | D:13     | Killed a death knight
  9151 | D:13     | Gained mutation: Your touch may inflict minor irresistible
                  | damage on your foes. [demonic ancestry]
  9151 | D:13     | Reached XP level 11. HP: 80/80 MP: 11/11
  9214 | D:13     | Noticed a tengu warrior
  9226 | D:13     | a tengu warrior changed into a glass eye
  9402 | D:11     | Reached skill level 5 in Dodging
  9445 | D:11     | Noticed a two-headed ogre
  9451 | D:11     | Killed a two-headed ogre
  9467 | D:11     | Noticed a green ugly thing
  9476 | D:11     | Killed a green ugly thing
  9480 | D:11     | Noticed a boulder beetle
  9518 | D:11     | Killed a boulder beetle
  9570 | D:11     | Found Wefapuo's Antique Armour Shop.
  9578 | D:11     | Bought a pair of runed gloves for 202 gold pieces
  9660 | D:11     | Found a staircase to the Lair.
  9928 | D:12     | Reached skill level 10 in Fighting
 10052 | D:12     | Noticed Nessos
 10054 | D:12     | Noticed Sonja
 10059 | D:12     | Killed Sonja
 10067 | D:12     | Killed Nessos
 10203 | D:12     | Noticed a skeletal warrior
 10208 | D:12     | Noticed a skeletal warrior
 10209 | D:12     | Noticed a skeletal warrior
 10214 | D:12     | Killed a skeletal warrior
 10215 | D:12     | Reached XP level 12. HP: 64/88 MP: 12/12
 11057 | D:12     | Reached skill level 10 in Armour
 11411 | D:13     | Reached skill level 10 in Long Blades
 11464 | D:13     | Gained mutation: Your magical capacity is low. (-10% MP)
                  | [potion of mutation]
 11471 | D:13     | Noticed a centaur warrior
 11485 | D:13     | Killed a centaur warrior
 11640 | D:13     | Noticed a tengu warrior
 11879 | D:13     | Killed a tengu warrior
 11880 | D:13     | Reached skill level 5 in Shields
 12205 | D:13     | Upgraded the game from 0.31-a0-1589-g8f5e8aebd6 to
                  | 0.31-a0-1591-g515db51633
 12282 | Lair:1   | Entered Level 1 of the Lair of Beasts
 12363 | Lair:1   | Reached ***** piety under Hepliaklqana
 12583 | Lair:1   | Reached skill level 11 in Long Blades
 13298 | Lair:1   | Gained mutation: You are completely covered in large bone
                  | plates. (SH +8) [demonic ancestry]
 13298 | Lair:1   | Reached XP level 13. HP: 95/95 MP: 11/11
 13885 | Lair:2   | Noticed Harold
 13894 | Lair:2   | Killed Harold
 13932 | Lair:2   | Reached skill level 12 in Long Blades
 15870 | Lair:3   | Found a staircase to the Swamp.
 15872 | Lair:3   | Noticed Amaemon
 15885 | Lair:3   | Killed Amaemon
 15927 | Lair:3   | Reached skill level 13 in Long Blades
 16092 | Lair:3   | Reached skill level 1 in Evocations
 16284 | Lair:3   | Found a staircase to the Snake Pit.
 16389 | Lair:3   | Found a runed translucent door.
 16431 | Lair:3   | Noticed Rupert
 16453 | Lair:3   | Killed Rupert
 16454 | Lair:3   | Gained mutation: Your touch may inflict irresistible damage
                  | on your foes. [demonic ancestry]
 16454 | Lair:3   | Reached XP level 14. HP: 52/106 MP: 12/12
 17597 | Lair:4   | Found a viscous altar of Jiyva.
 17604 | Lair:4   | Found a staircase to the Slime Pits.
 17851 | Lair:4   | Reached ****** piety under Hepliaklqana
 17877 | Lair:4   | Lost mutation: Your magical capacity is low. (-10% MP)
                  | [potion of mutation]
 17877 | Lair:4   | Gained mutation: Your muscles are strong. (Str +4, Int/Dex
                  | -1) [potion of mutation]
 17877 | Lair:4   | Gained mutation: You are frail. (-10% HP) [potion of
                  | mutation]
 17900 | Lair:4   | Lost mutation: You are frail. (-10% HP) [potion of
                  | mutation]
 17900 | Lair:4   | Lost mutation: Your muscles are strong. (Str +4, Int/Dex
                  | -1) [potion of mutation]
 17900 | Lair:4   | Gained mutation: Your mind is acute. (Int +4, Str/Dex -1)
                  | [potion of mutation]
 17900 | Lair:4   | Gained mutation: Your magical capacity is low. (-10% MP)
                  | [potion of mutation]
 17900 | Lair:4   | Gained mutation: You are resistant to electric shocks.
                  | (rElec) [potion of mutation]
 17900 | Lair:4   | Gained mutation: You are agile. (Dex +4, Str/Int -1)
                  | [potion of mutation]
 18228 | Lair:5   | Entered Level 5 of the Lair of Beasts
 18279 | Lair:5   | Reached skill level 5 in Evocations
 18740 | Lair:5   | Reached skill level 14 in Long Blades
 18770 | Lair:5   | Reached skill level 1 in Stealth
 19449 | Lair:5   | Reached skill level 10 in Dodging
 19749 | Lair:5   | Reached XP level 15. HP: 109/112 MP: 13/13
 19804 | Lair:5   | Identified the +9 quarterstaff "Moesaff" {holy, rF+ rN+
                  | Dex+2}
 19805 | Lair:5   | Identified the +8 war axe of the Hand {spect, +Blink rC-
                  | rN+ MP+9}
 19817 | Lair:5   | Identified the +0 trident of Beogh, Supporting {speed,
                  | rCorr Str+2 Int+3}
 20679 | D:10     | Found a stormy altar of Qazlal.
 20772 | D:10     | Found a staircase to the Orcish Mines.
 21310 | Orc:1    | Entered Level 1 of the Orcish Mines
 21505 | Orc:2    | Entered Level 2 of the Orcish Mines
 21505 | Orc:2    | Found Hogukav's General Store.
 21505 | Orc:2    | Found a staircase to the Elven Halls.
 21577 | Orc:2    | Found Boava's Antique Armour Shoppe.
 21654 | Orc:2    | Found Wuyptia's Antique Armour Shop.
 21820 | Orc:2    | Bought the +1 cloak of Starlight {*Dazzle EV+4 Stlth--} for
                  | 976 gold pieces
 21820 | Orc:2    | Found the +1 cloak of Starlight {*Dazzle EV+4 Stlth--}
 21866 | Orc:2    | Found Qiqal's Distillery.
 22181 | Orc:2    | Noticed Azrael
 22192 | Orc:2    | Killed Azrael
 22361 | Orc:2    | Found Zighikyk's Antique Armour Shoppe.
 22364 | Orc:2    | Found Zingezod's Armour Shoppe.
 22367 | Orc:2    | Gained mutation: You occasionally lose the ability to drink
                  | potions when taking damage. [a neqoxec]
 22407 | Orc:2    | Bought a +2 pair of gloves of stealth for 365 gold pieces
 22455 | Orc:2    | Reached skill level 5 in Stealth
 22888 | Orc:2    | Found Enocwoy's Antique Armour Shoppe.
 22999 | Orc:2    | Found Hurunn's Distillery.
 23232 | D:14     | Noticed Snorg
 23240 | D:14     | Killed Snorg
 23356 | D:14     | Noticed Roxanne
 24103 | D:14     | Found a gate to the Vaults.
 24352 | D:14     | Killed Roxanne
 24353 | D:14     | Reached skill level 15 in Long Blades
 24404 | D:14     | Found a portal to a secret trove of treasure.
 24520 | D:15     | Entered Level 15 of the Dungeon
 24543 | D:15     | Found a gate leading to a gauntlet.
 24557 | Gauntlet | Entered a Gauntlet
 24557 | Gauntlet | Found a transporter.
 24557 | Gauntlet | Found a transporter.
 24561 | Gauntlet | Found a transporter.
 24562 | Gauntlet | Found a transporter.
 24564 | Gauntlet | Found a transporter.
 24604 | Gauntlet | Found a transporter.
 24606 | Gauntlet | Found a transporter.
 24606 | Gauntlet | Found a transporter.
 24627 | Gauntlet | Found a transporter.
 24634 | Gauntlet | Found a transporter.
 24644 | Gauntlet | Found a transporter.
 24658 | Gauntlet | Found a transporter.
 24678 | Gauntlet | Found a transporter.
 24691 | Gauntlet | Found a transporter.
 24720 | Gauntlet | Identified the ring of Oceregusu {rF+ rCorr MP+9 Int-2}
 25135 | Gauntlet | Identified the ring "Waem" {+Blink rF+ MP+9}
 25141 | Gauntlet | Identified the +2 ring mail "Cinif" {rElec Str+8}
 25282 | D:15     | Reached XP level 16. HP: 112/118 MP: 14/14
 25283 | D:15     | Found a staircase to the Depths.
 26192 | Orc:2    | Bought the +3 warlock's mirror {omnireflect} for 1000 gold
                  | pieces
 26192 | Orc:2    | Found the +3 warlock's mirror {omnireflect}
 26300 | Elf:1    | Entered Level 1 of the Elven Halls
 26444 | Elf:1    | Noticed Louise
 27083 | Swamp:1  | Entered Level 1 of the Swamp
 27892 | Swamp:2  | Found a frozen archway.
 27908 | IceCv    | Entered an ice cave
 28666 | Swamp:2  | Learned a level 4 spell: Manifold Assault
 29003 | Swamp:2  | Reached skill level 15 in Fighting
 29299 | Snake:1  | Entered Level 1 of the Snake Pit
 29382 | Swamp:3  | Reached skill level 16 in Long Blades
 29984 | Swamp:4  | Entered Level 4 of the Swamp
 30001 | Swamp:4  | Noticed a thorn hunter
 30007 | Swamp:4  | Killed a thorn hunter
 30468 | Swamp:4  | Gained mutation: Your hexes are more powerful. [demonic
                  | ancestry]
 30468 | Swamp:4  | Reached XP level 17. HP: 123/127 MP: 15/15
 31572 | Swamp:4  | Got a decaying rune of Zot
 32088 | Snake:1  | Found a huge runed translucent gate.
 32088 | Snake:1  | Found a huge runed translucent gate.
 32089 | Snake:1  | Found a huge runed translucent gate.
 32090 | Snake:1  | Found a huge runed translucent gate.
 32090 | Snake:1  | Found a huge runed translucent gate.
 32320 | Snake:1  | Found Conea's Distillery.
 32323 | Snake:1  | Found Duggofre's Weapon Emporium.
 32323 | Snake:1  | Found Voufoe's Jewellery Shoppe.
 32328 | Snake:1  | Found Laguwor's Antique Weapon Emporium.
 32713 | Orc:2    | Bought a potion of heal wounds for 70 gold pieces
 32713 | Orc:2    | Bought 2 potions of heal wounds for 140 gold pieces
 32713 | Orc:2    | Bought a potion of heal wounds for 70 gold pieces
 32836 | Orc:1    | Found a runed translucent gate.
 32850 | Orc:1    | Found a runed translucent gate.
 32850 | Orc:1    | Found a runed translucent gate.
 32851 | Orc:1    | Found an opulent altar of Gozag.
 32852 | Orc:1    | Noticed Besoupit's ghost (journeyman DrBe)
 32853 | Orc:1    | Noticed Erica
 32860 | Orc:1    | Killed Erica
 33022 | Orc:1    | Killed Besoupit's ghost
 34163 | D:2      | Bought a +4 ring mail of poison resistance for 364 gold
                  | pieces
 34163 | D:2      | Bought a scroll of teleportation for 39 gold pieces
 34163 | D:2      | Bought a potion of curing for 39 gold pieces
 34326 | D:6      | Identified the +10 hand axe "Wycsio" {drain, Dex+5}
 34335 | D:6      | Found a runed translucent door.
 34343 | D:6      | Found a runed translucent door.
 34810 | Snake:2  | Reached skill level 17 in Long Blades
 34831 | Snake:2  | Noticed Vashnia
 34872 | Snake:2  | Killed Vashnia
 34873 | Snake:2  | Reached skill level 10 in Shields
 34935 | Snake:2  | Identified the serpent talisman of Polish {rElec rF+ Will++
                  | Dex-3}
 34935 | Snake:2  | Noticed Aizul
 34952 | Snake:2  | HP: 5/130 [naga mage/+0 halberd (30)]
 34953 | Snake:2  | HP: 2/130 [poisoned by a naga mage (splash of poison)]
 34953 | Snake:2  | Killed from afar by Aizul

Illustrated notes

Levels and vault maps discovered:
D:1:      dpeg_arrival_chambers_temple_mockup, layout_basic,
          corexii_leaking_fountain, bh_walls_and_bars
D:2:      layout_rooms, serial_shops, shop
D:3:      layout_basic, nemelex_altar_shiori
D:4:      layout_basic, temple_doors_cd, minmay_distorted
D:5:      layout_cave_pools, ashenzari_altar_1, serial_shops,
          nicolae_shop_just_a_little_nook, uniq_sigmund
D:6:      layout_basic, lemuel_tele_altar, general_overflow_altar,
          lightli_church_of_beogh
D:7:      layout_cave_pods, mainiacjoe_overflow_24_doors, nzn_ghost_randoct,
          centaur_isle, uniq_menkaure
D:8:      nicolae_cairo_tiling_very_big, layout_basic, kennysheep_little_box,
          uniq_jeremiah
D:9:      layout_cave_pods, old_standard_altar, nicolae_eternal_life,
          grunt_decor_mini_mirrors
D:10:     layout_stronghold, nicolae_qazlal_general_emergency,
          minmay_orc_entry_temple_small
D:11:     layout_cave_pools, serial_column_ruins, column_ruins_columns_corner,
          column_ruins_columns_T, column_ruins_columns_corner,
          column_ruins_columns_water, serial_shops, shop
D:12:     layout_basic, serial_corexii_hall, corexii_hall_statues_x,
          corexii_hall_statues_l, uniq_nessos, uniq_sonja
D:13:     layout_loops_ring
D:14:     layout_long_grid, ximxim_vaults_locker_room, trove_entry_hex_spiral,
          uniq_snorg, uniq_roxanne
D:15:     gammafunk_depths_entry_grave, layout_irregular_city,
          gauntlet_entry_generic, nicolae_wwwww
Temple:   eino_narrow_crystal_temple
Lair:1:   layout_layer_cave, serial_bayou_shore_a
Lair:2:   layout_small_grid, infiniplex_staircase_pool_2, uniq_harold
Lair:3:   layout_long_grid, skrybe_swamp_entry_bodies,
          guppyfry_snake_entry_island, pdpol_lair_cabin_in_the_woods,
          uniq_amaemon
Lair:4:   layout_regular_city, nicolae_slime_entry_slimehenge, lemuel_fruit_tree
Lair:5:   gammafunk_lair_ancient_temple, layout_regular_city,
          nicolae_lair_grazing_beasts [nicolae_sub_lair_graze_edge,
          nicolae_sub_lair_graze_edge, nicolae_sub_lair_graze_edge,
          nicolae_sub_lair_graze_edge]
Swamp:1:  layout_basic_swamp, evilmike_swamp_ruin_house_1
Swamp:2:  layout_basic_swamp, portal_ice_cave_entry_ice_statue_two,
          nicolae_swamp_very_dense_foliage
Swamp:3:  layout_basic_swamp, evilmike_swamp_ruin_rubble_2,
          nicolae_swamp_decorative_isthmus
Swamp:4:  nzn_swamp_witches_coven, layout_basic_swamp
Snake:1:  layout_basic, hangedman_venom_bottle, minmay_shoptagon
Snake:2:  layout_rooms, uniq_vashnia, uniq_aizul
Orc:1:    layout_caves, basic_altar, ebering_ghost_gozag, uniq_erica
Orc:2:    hellmonk_orc_salted, layout_diamond_mine, serial_shops, shop, shop,
          shop, shop, basic_altar, uniq_azrael
Elf:1:    minmay_elf_arrival_circle, layout_loops_ring, serial_shops,
          nicolae_shop_statue_plus, nicolae_elf_shapeshifter_party, st_stairs_5,
          uniq_agnes, uniq_louise

Skill      XL: |  1  2  3  4  5  6  7  8  9 10 11 12 13 14 15 16 17 |
---------------+----------------------------------------------------+-----
Long Blades    | 2 3 4 5 7 9 11 13 14 15 16 17 | 17.1
Shields        | 3 4 5 8 10 | 10.1
Armour         | 3 4 5 6 7 8 9 10 11 | 11.1
Fighting       | 4 5 6 7 9 10 11 13 15 16 | 16.4
Dodging        | 4 8 9 10 11 | 11.8
Evocations     | 2 6 8 |  8.7
Stealth        | 3 6 |  6.4

Action                     |  1- 3 |  4- 6 |  7- 9 | 10-12 | 13-15 | 16-18 || total
---------------------------+-------+-------+-------+-------+-------+-------++-------
  Melee: Long sword        |   121 |    74 |   169 |   341 |   943 |   549 ||  2197
         Scimitar          |       |       |       |       |       |   207 ||   207
 Invoke: Recall Ancestor   |       |       |     2 |     3 |     7 |       ||    12
         Ancestor Life: Ba |       |       |     1 |       |       |       ||     1
  Evoke: Wand              |       |       |       |       |    33 |    10 ||    43
    Use: Scroll            |       |     7 |     8 |     8 |     6 |     7 ||    36
         Potion            |       |       |     6 |     1 |     9 |    12 ||    28
   Stab: Sleeping          |       |       |     1 |     1 |     8 |     6 ||    16
         Petrified         |       |       |     2 |     1 |     9 |       ||    12
         Paralysed         |       |       |       |     4 |     3 |     4 ||    11
         Distracted        |       |       |       |    10 |    22 |    21 ||    53
         Held in net/web   |       |       |       |     1 |     1 |     1 ||     3
         Petrifying        |       |       |       |     1 |     1 |     5 ||     7
         Invisible         |       |       |       |       |    13 |    19 ||    32
         Confused          |       |       |       |       |    12 |     5 ||    17
 Armour: Scale mail        |    75 |    45 |       |       |       |       ||   120
         Leather armour    |       |     4 |   113 |   144 |   321 |   156 ||   738
         Ring mail         |       |       |       |       |       |    35 ||    35
  Dodge: Dodged            |    47 |    35 |    82 |   171 |   506 |   373 ||  1214
  Block: Buckler           |    64 |    43 |   141 |   192 |   584 |   558 ||  1582
         Reflection        |       |       |       |       |       |    78 ||    78

Table legend: (Time is in decaauts)
 A = Elapsed time spent in this place.
 B = Non-inter-level travel time spent in this place.
 C = Inter-level travel time spent in this place.
 D = Time resting spent in this place.
 E = Time spent auto-exploring this place.
 F = Levels seen in this place.
 G = Mean time per level.
                   A        B        C        D        E       F      G
               +--------+--------+--------+--------+--------+-----+--------+
         Total |  35027 |  31653 |   3374 |   7194 |  18674 |  32 | 1094.6 |
       Dungeon |  16235 |  14674 |   1561 |   1983 |  10251 |  15 | 1082.3 |
        Temple |     30 |      1 |     29 |      0 |      0 |   1 |   30.0 |
          Lair |   8472 |   7730 |    742 |   2303 |   4044 |   5 | 1694.4 |
         Swamp |   4701 |   4321 |    380 |   1342 |   2223 |   4 | 1175.2 |
     Snake Pit |   1317 |   1164 |    153 |    175 |    591 |   2 |  658.5 |
  Orcish Mines |   3120 |   2614 |    506 |    876 |   1379 |   2 | 1560.0 |
   Elven Halls |    192 |    192 |      0 |      2 |     46 |   1 |  192.0 |
      Ice Cave |    265 |    265 |      0 |    150 |      0 |   1 |  265.0 |
      Gauntlet |    691 |    691 |      0 |    362 |    138 |   1 |  691.0 |
               +--------+--------+--------+--------+--------+-----+--------+

Top non-repeatable levels by time:
   Orc:2: 2278 daAuts
 Swamp:4: 2005 daAuts
  Lair:1: 1992 daAuts
  Lair:2: 1820 daAuts
  Lair:3: 1807 daAuts
  Lair:5: 1766 daAuts
    D:12: 1704 daAuts
     D:4: 1492 daAuts
    D:13: 1430 daAuts
    D:14: 1297 daAuts
 Swamp:2: 1293 daAuts
     D:9: 1197 daAuts
     D:7: 1192 daAuts
     D:6: 1182 daAuts
 Snake:1: 1160 daAuts
